 Dungeon Crawl Stone Soup version 0.27.1-15-g792fb953b9 (webtiles) character file.

Game seed: 10420166530893063606

392 belegose the Ducker (level 7, -5/50 HPs)
             Began as a Djinni Fire Elementalist on Nov 20, 2021.
             Slain by a wyvern skeleton (13 damage)
             ... on level 4 of the Dungeon.
             The game lasted 00:13:52 (5343 turns).

belegose the Ducker (Djinni Fire Elementalist)      Turns: 5343, Time: 00:13:53

Health: -5/50      AC:  3    Str:  9    XL:     7   Next: 8%
Gold:   200        EV: 13    Int: 16    God:
                   SH:  0    Dex: 14

rFire    + + .     SeeInvis .   q - +4 flail (holy)
rCold    x . .     Faith    .   (no shield)
rNeg     . . .     Spirit   .   a - +0 robe
rPois    ∞         Reflect  .   (no helmet)
rElec    .         Harm     .   (no cloak)
rCorr    .         Rampage  .   l - +0 pair of gloves
Will     .....                  (boots unavailable)
Stlth    ++........             (no amulet)
HPRegen  0.16/turn              (no ring)
MPRegen  0.00/turn              (no ring)

@: flying
A: sickness immunity, fire resistance 2, cold vulnerability 1, float, innate
caster, hp casting, extra vitality 1
a: no special abilities


You were on level 4 of the Dungeon.
You visited 1 branch of the dungeon, and saw 4 of its levels.

You collected 210 gold pieces.
You spent 10 gold pieces at shops.

Inventory:

Hand Weapons
 q - a +4 flail of holy wrath (weapon)
Armour
 a - a +0 robe (worn)
 l - a +0 pair of gloves (worn)
Scrolls
 e - a scroll of fog {unknown}
 g - 3 scrolls of identify {unknown}
 h - 2 scrolls of magic mapping {unknown}
 i - a scroll of blinking {unknown}
 j - a scroll of amnesia {unknown}
 m - 2 scrolls of teleportation {unknown}
 n - a scroll of vulnerability {unknown}
 p - 3 scrolls of noise {unknown}
Potions
 b - 3 potions of curing {unknown}
 c - 6 potions of haste
 d - a potion of magic {unknown}
 f - 2 potions of heal wounds {unknown}
 k - a potion of brilliance {unknown}
 o - a potion of might {unknown}
 r - a potion of berserk rage {unknown}


   Skills:
 + Level 3.0 Fighting
 + Level 4.2 Dodging
 + Level 3.4 Stealth
 + Level 3.5 Spellcasting


You couldn't memorise any spells.
You knew the following spells:

 Your Spells              Type           Power      Damage    Failure   Level
a - Foxfire               Conj/Fire      56%        2x1d6     4%          1
b - Call Imp              Summ           14%        N/A       6%          2
c - Inner Flame           Hex/Fire       14%        N/A       12%         3
d - Sticky Flame          Conj/Fire      14%        2d4       38%         4
e - Fireball              Conj/Fire      7%         3d5       75%         5
f - Beastly Appendage     Tmut           28%        N/A       4%          1
g - Conjure Flame         Conj/Fire      14%        6-21      12%         3
h - Frozen Ramparts       Ice            28%        1d4       12%         3
Your spell library was empty.

Dungeon Overview and Level Annotations

Branches:
Dungeon (4/15)
 Temple: D:4-7

Altars:
Gozag
Kikubaaqudgha
Vehumet

Shops:
D:2 !   D:4 :


Innate Abilities, Weirdness & Mutations

You are immune to sickness and miasma.
You are immune to poison.
Your flesh is very heat resistant. (rF++)
You are vulnerable to cold. (rC-)
You float through the air rather than walking.
You learn spells naturally, not from books.
Your magical power is your life essence.
You have superior vitality. (+4 HP)


Message History

You conjure some foxfire!
The adder barely misses you.
Unknown command.
You hit the adder.
You kill the adder!
Your foxfire dissipates! x3
You see here an adder corpse.
Your foxfire dissipates!
You see here an adder corpse.
You see here an adder corpse.
You see here an adder corpse.
There is a large open translucent door here.
There is an open door here.
Found a pearl ring.
Found a stone staircase leading down.
A wyvern skeleton comes into view.
Found a stone staircase leading down.
Found a runed mace.
The wyvern skeleton bites you!
The wyvern skeleton completely misses you.
You hit the wyvern skeleton.
The wyvern skeleton convulses.
The wyvern skeleton is moderately damaged.
The wyvern skeleton bites you. The wyvern skeleton bites you!
You completely miss the wyvern skeleton.
The wyvern skeleton is moderately damaged.
The wyvern skeleton closely misses you.
You sock the wyvern skeleton!
The wyvern skeleton convulses!
The wyvern skeleton is almost destroyed.
The wyvern skeleton bites you!
* * * LOW HITPOINT WARNING * * *
The wyvern skeleton bites you.
* * * LOW HITPOINT WARNING * * *
Casting: Foxfire (safe; 4% risk of failure)
Confirm with . or Enter, or press ? or * to list all spells.
Okay, then.
Casting: Foxfire (safe; 4% risk of failure)
Confirm with . or Enter, or press ? or * to list all spells.
A beastly little devil appears in a puff of flame.
* * * LOW HITPOINT WARNING * * *
The wyvern skeleton bites you!
You die...

## #.. .#
#########...
...#...>..>....
#.)....5...........#
#..Z=............#
#...@............#
####.###.........#
#.# #.........# #.#
#.........# #.#
#.........# # # .##
#.# #.........## #.#
# #...# #.#
#..........# ... ..
#.#.#
#.####.).....#.##
.#### .##.#.#
#..###)).....#..#


You could see a wyvern skeleton (ally target) and a friendly crimson imp
(summoned).

Vanquished Creatures
  2 hounds (D:4)
  A centaur skeleton (D:4)
  2 iguanas
  Natasha (thrice) (D:2)
  A gnoll (D:4)
  6 adders
  2 adder skeletons (D:4)
  A worm (D:2)
  5 dart slugs
  8 orcs (D:4)
  5 ball pythons
  5 bats
  8 endoplasms
  3 giant cockroaches
  11 goblins
  7 hobgoblins
  2 jackals (D:4)
  4 kobolds
  2 quokkas
  A frilled lizard (D:2)
  3 rats
82 creatures vanquished.

Vanquished Creatures (collateral kills)
  A hound (D:4)
  An adder (D:3)
  An endoplasm (D:4)
  2 jackals (D:4)
5 creatures vanquished.

Vanquished Creatures (others)
  313 foxfires
313 creatures vanquished.

Grand Total: 400 creatures vanquished

Notes
Turn   | Place    | Note
-------+----------+-------------------------------------------
     0 | D:1      | belegose the Djinni Fire Elementalist began the quest for
                  | the Orb.
     0 | D:1      | Reached XP level 1. HP: 15/15 MP: 0/0
   516 | D:1      | Reached XP level 2. HP: 13/22 MP: 0/0
   994 | D:1      | Reached skill level 1 in Fighting
  1120 | D:1      | Reached XP level 3. HP: 18/27 MP: 0/0
  1120 | D:1      | Learned a level 1 spell: Beastly Appendage
  1912 | D:2      | Found Pusimyji's Distillery.
  2035 | D:2      | Found a faded altar of an unknown god.
  2110 | D:2      | Reached XP level 4. HP: 27/32 MP: 0/0
  2116 | D:2      | Reached skill level 3 in Dodging
  2253 | D:2      | Noticed Natasha
  2278 | D:2      | Killed Natasha
  2295 | D:2      | Noticed Natasha
  2300 | D:2      | Killed Natasha
  2301 | D:2      | Reached XP level 5. HP: 16/38 MP: 0/0
  2301 | D:2      | Learned a level 2 spell: Call Imp
  2418 | D:2      | Noticed Natasha
  2423 | D:2      | Killed Natasha
  2934 | D:2      | Bought a potion of degeneration for 10 gold pieces
  3986 | D:4      | Reached XP level 6. HP: 37/45 MP: 0/0
  4228 | D:3      | HP: 2/45 [adder (4)]
  4794 | D:4      | Reached skill level 4 in Dodging
  5079 | D:4      | Found Hausis's Book Emporium.
  5212 | D:4      | Found a large runed translucent door.
  5213 | D:4      | Found a large runed translucent door.
  5246 | D:4      | Reached XP level 7. HP: 47/50 MP: 0/0
  5246 | D:4      | Learned a level 3 spell: Frozen Ramparts
  5253 | D:4      | Found an opulent altar of Gozag.
  5343 | D:4      | Slain by a wyvern skeleton

Illustrated notes

Levels and vault maps discovered:
D:1:      zelgadis_glass_arrival_small, layout_basic, minmay_unequal
D:2:      layout_rooms, basic_altar, basic_ecumenical_altar, serial_shops,
          shop_statue, uniq_natasha
D:3:      layout_loops_ring, st_stairs_13, solitary_fountain
D:4:      layout_rooms, jmf_multi_god_temple2, serial_shops,
          nicolae_shop_crystal, minmay_vboxes

Skill      XL: |  1  2  3  4  5  6 |
---------------+-------------------+-----
Fighting       | 1 2 3 |  3.0
Stealth        | 2 3 |  3.4
Dodging        | 3 4 |  4.2
Spellcasting   | 3 |  3.5

Action                   |  1- 3 |  4- 6 |  7- 9 || total
-------------------------+-------+-------+-------++-------
Melee: Unarmed           |     8 |       |       ||     8
       Dagger            |     7 |    19 |       ||    26
       Flail             |       |     9 |     5 ||    14
 Cast: Foxfire           |    53 |   128 |     4 ||   185
       Call Imp          |       |    12 |     1 ||    13
       Conjure Flame     |       |     2 |       ||     2
 Stab: Sleeping          |     2 |     6 |       ||     8
Armor: Robe              |     6 |    15 |       ||    21
Dodge: Dodged            |    16 |    53 |     6 ||    75
